 Dungeon Crawl Stone Soup version 0.30-a0-722-g3e6e8c874d (webtiles) character file.

Game seed: 2613733235338436837

1855 retardedninja the Trooper (level 8, 0/64 HPs)
             Began as a Demonspawn Gladiator on Jan 27, 2023.
             Slain by an ogre
             ... wielding a +0 giant club
              (19 damage)
             ... on level 5 of the Dungeon.
             The game lasted 00:09:12 (6936 turns).

retardedninja the Trooper (Demonspawn Gladiator)    Turns: 6936, Time: 00:09:13

Health: 0/64       AC: 15    Str: 16    XL:     8   Next: 89%
Magic:  8/8        EV:  6    Int: 11    God:
Gold:   235        SH:  0    Dex: 14    Spells: 7/7 levels left

rFire   . . .      SeeInvis .    j - +0 spear (venom)
rCold   . . .      Faith    .    (no shield)
rNeg    . . .      Spirit   .    u - +0 plate armour
rPois   .          Reflect  .    (helmet restricted)
rElec   .          Harm     .    t - +0 cloak
rCorr   .          Rampage  .    i - +0 pair of gloves
Will    .....                    (no boots) Stlth
                                 (no amulet)
HPRegen 0.30/turn                (no ring)
MPRegen 0.11/turn                (no ring)

@: mighty
A: antennae 1, yellow scales 2, demonic guardian 1
a: no special abilities


You were on level 5 of the Dungeon.
You visited 1 branch of the dungeon, and saw 6 of its levels.

You collected 235 gold pieces.

Inventory:

Hand Weapons
 j - a +0 spear of venom (weapon)
Missiles
 e - a javelin (quivered)
Armour
 i - a +0 pair of gloves (worn)
 t - a +0 cloak (worn)
 u - a +0 plate armour (worn)
Jewellery
 p - the amulet of Elemental Vulnerability {rPois rF-- rC-- AC+8}
   (You found it on level 3 of the Dungeon)

   [amulet of nothing]

   AC:        It affects your AC (+8).
   rF:        It makes you very vulnerable to fire.
   rC:        It makes you very vulnerable to cold.
   rPois:     It protects you from poison.
 x - a ring of wizardry
Wands
 b - a wand of acid (17)
Scrolls
 a - 2 scrolls of poison {unknown}
 c - 2 scrolls of fear {unknown}
 f - 2 scrolls of teleportation {unknown}
 g - 2 scrolls of magic mapping {unknown}
 h - 3 scrolls of vulnerability {unknown}
 m - 3 scrolls of enchant weapon {unknown}
 n - a scroll of identify {unknown}
 o - a scroll of amnesia {unknown}
 r - a scroll of acquirement {unknown}
 v - a scroll of summoning {unknown}
 w - a scroll of blinking {unknown}
Potions
 d - 2 potions of brilliance
 k - a potion of invisibility {unknown}
 l - a potion of resistance {unknown}
 s - a potion of flight


   Skills:
 + Level 6.1 Fighting
 + Level 5.9 Polearms
 + Level 5.5 Throwing
 + Level 5.9 Dodging


You had 7 spell levels left.
You didn't know any spells.
Your spell library contained the following spells:

 Spells                   Type           Power      Damage    Failure   Level
 Sting                    Tmut/Pois      0%         1d3       100%        1
 Blink                    Tloc           0%         N/A       100%        2
 Lesser Beckoning         Tloc           0%         N/A       100%        2
 Momentum Strike          Conj/Tloc      0%         3d8       100%        2
 Poisonous Vapours        Pois/Air       0%         N/A       100%        2
 Call Canine Familiar     Summ           0%         N/A       100%        3
 Portal Projectile        Hex/Tloc       0%         N/A       100%        3
 Leda's Liquefaction      Hex/Erth       0%         N/A       100%        4
 Olgreb's Toxic Radiance  Pois           0%         N/A       100%        4


Dungeon Overview and Level Annotations

Branches:
Dungeon (6/15)
 Temple: D:4-7

Altars:
Hepliaklqana
Nemelex Xobeh
Xom


Innate Abilities, Weirdness & Mutations

You have a pair of small antennae on your head.
You are mostly covered in yellow scales. (AC +3)
A weak demonic guardian rushes to your aid.


Message History

You barely miss the orc warrior.
The orc warrior hits you with a +0 long sword!
You barely miss the orc warrior.
The orc warrior hits you with a +0 long sword.
You hit the orc warrior but do no damage.
The orc warrior is poisoned.
You completely miss the orc warrior.
The gnoll sergeant hits you but does no damage.
The orc warrior hits you but does no damage.
The gnoll sergeant barely misses you.
An orc warrior comes into view. It is wielding a +0 scimitar.
You hit the orc warrior but do no damage.
The orc warrior looks as sick as possible!
The orc warrior is lightly wounded.
The orc warrior hits you with a +0 long sword!
The gnoll sergeant hits you from afar with a +0 spear.
The gnoll sergeant barely misses you.
You hit the orc warrior but do no damage.
The orc warrior looks as sick as possible!
The orc warrior is lightly wounded.
The gnoll sergeant completely misses you.
The orc warrior hits you with a +0 long sword.
You hit the orc warrior but do no damage.
The orc warrior looks as sick as possible!
The orc warrior is lightly wounded.
The gnoll sergeant completely misses you. x2
The orc warrior barely misses you.
You hit the orc warrior but do no damage.
The orc warrior looks as sick as possible!
The orc warrior is moderately wounded.
The ogre hits you with a +0 giant club! The gnoll sergeant barely misses you.
The orc warrior hits you with a +0 long sword!
The gnoll sergeant hits you from afar with a +0 spear!
* * * LOW HITPOINT WARNING * * *
The gnoll sergeant hits you but does no damage.
You climb upwards.
There is a stone staircase leading down here.
You feel very mighty all of a sudden.
The ogre hits you with a +0 giant club!!
You die...

#### #....^................
...#################..#######....
##...........## #....## #....
###....####..###.#### #....
#....# ##..#..# #.... #....#
##...## #.... ####....#
##...######## ##...
...##.#.########Oo.<.....######..
##..<..........)@.....#.().......
...#.##.########†####..........).
##....#.# #.# ##......<....
#......#### ##.# ##..........
#.###.....####..# #.......)..
##.# ###.#.##...## #..........
~#.#####...##.### ##########.
~'.....###....# #) ~#.....#
#....### #.


You could see an orc warrior (extremely poisoned) and an ogre.

Vanquished Creatures
  The ghost of Newt the Trooper, a novice DsGl (D:5)
  Sigmund (D:4)
  Menkaure (D:4)
  An ogre (D:5)
  A phantom (D:5)
  3 scorpions (D:5)
  A necrophage (D:3)
  2 howler monkeys (D:5)
  5 hounds
  3 orc priests
  An iguana (D:5)
  Ijyb (D:4)
  2 orc wizards
  5 gnolls
  3 adders
  A river rat (D:5)
  2 shadow imps (D:5)
  2 ufetubi
  5 dart slugs
  10 orcs
  8 ball pythons
  6 endoplasms
  3 giant cockroaches
  2 hobgoblins
  3 jackals (D:2)
  11 kobolds
  4 quokkas
  A frilled lizard (D:1)
  7 goblins
  4 rats
100 creatures vanquished.

Vanquished Creatures (collateral kills)
  Grinder (D:4)
  A scorpion (D:5)
  An orc (D:5)
  A quokka (D:5)
  A rat (D:5)
5 creatures vanquished.

Vanquished Creatures (others)
  A quokka (D:3)
  15 plants (D:4)
16 creatures vanquished.

Grand Total: 121 creatures vanquished

Notes
Turn   | Place    | Note
-------+----------+-------------------------------------------
     0 | D:1      | retardedninja the Demonspawn Gladiator began the quest for
                  | the Orb.
     0 | D:1      | Reached XP level 1. HP: 16/16 MP: 1/1
   610 | D:1      | Gained mutation: You have a pair of small antennae on your
                  | head. [demonic ancestry]
   610 | D:1      | Reached XP level 2. HP: 22/22 MP: 2/2
  1395 | D:2      | Gained mutation: You are partially covered in yellow
                  | scales. (AC +2) [demonic ancestry]
  1395 | D:2      | Reached XP level 3. HP: 24/28 MP: 3/3
  1531 | D:2      | Found a hazy altar of Hepliaklqana.
  1941 | D:3      | Found the amulet of Elemental Vulnerability {rPois rF--
                  | rC-- AC+8}
  1992 | D:3      | Noticed a necrophage
  2008 | D:3      | Killed a necrophage
  2009 | D:3      | Reached skill level 3 in Fighting
  2009 | D:3      | Gained mutation: A weak demonic guardian rushes to your
                  | aid. [demonic ancestry]
  2009 | D:3      | Reached XP level 4. HP: 30/35 MP: 4/4
  2358 | D:3      | Reached XP level 5. HP: 18/41 MP: 5/5
  3403 | D:4      | Noticed Grinder
  3419 | D:4      | Killed Grinder
  3420 | D:4      | Reached skill level 4 in Fighting
  3420 | D:4      | Reached XP level 6. HP: 12/48 MP: 6/6
  3562 | D:4      | Found a sparkling altar of Nemelex Xobeh.
  3684 | D:4      | Noticed Menkaure
  3697 | D:4      | Killed Menkaure
  3698 | D:4      | Gained mutation: You are mostly covered in yellow scales.
                  | (AC +3) [demonic ancestry]
  3698 | D:4      | Reached XP level 7. HP: 9/54 MP: 7/7
  4062 | D:4      | Noticed Ijyb
  4074 | D:4      | Killed Ijyb
  4525 | D:4      | Noticed Sigmund
  4545 | D:4      | Killed Sigmund
  4601 | D:4      | Found a shimmering altar of Xom.
  4602 | D:4      | Found a hazy altar of Hepliaklqana.
  4603 | D:4      | Noticed a spectral ugly thing
  4825 | D:5      | Entered Level 5 of the Dungeon
  4825 | D:5      | Found a runed translucent door.
  4981 | D:5      | Noticed Newt's ghost (novice DsGl)
  5009 | D:5      | Reached skill level 5 in Fighting
  5009 | D:5      | Reached skill level 5 in Polearms
  5009 | D:5      | Reached skill level 5 in Dodging
  5009 | D:5      | Reached XP level 8. HP: 56/62 MP: 8/8
  5734 | D:5      | Found a runed translucent door.
  5745 | D:5      | Reached skill level 5 in Throwing
  5945 | D:5      | Killed Newt's ghost
  6494 | D:5      | Reached skill level 6 in Fighting
  6936 | D:5      | Slain by an ogre

Illustrated notes

Levels and vault maps discovered:
D:1:      heliophobic_arrival_enchanted_forest, layout_rooms,
          minmay_tromino_mix6
D:2:      layout_rooms, basic_altar
D:3:      layout_loops_corners, elyvilon_altar_4, kennysheep_nondescript
D:4:      layout_gridville, nemelex_spade_bored_becter,
          regret_index_temple_of_mockery, serial_bayou_lake_a, uniq_grinder,
          uniq_menkaure, uniq_sigmund, uniq_ijyb
D:5:      layout_rooms, ebering_ghost_sewer_f
D:6:      lemuel_castle_with_subvaults [lemuel_castle_interior_original],
          layout_loops_ring, nicolae_overflows_in_rows

Skill      XL: |  1  2  3  4  5  6  7  8 |
---------------+-------------------------+-----
Throwing       | 2 3 4 5 |  5.5
Dodging        | 3 4 5 |  5.9
Polearms       | 3 4 5 |  5.9
Fighting       | 3 4 5 6 |  6.1

Action                     |  1- 3 |  4- 6 |  7- 9 || total
---------------------------+-------+-------+-------++-------
  Melee: Trident           |    43 |       |       ||    43
         Spear             |    75 |   115 |   242 ||   432
         Punch             |     2 |       |     3 ||     5
  Throw: Throwing net      |     6 |       |       ||     6
         Javelin           |     2 |       |       ||     2
    Use: Potion            |       |     4 |     1 ||     5
   Stab: Sleeping          |       |     2 |       ||     2
         Distracted        |       |       |     1 ||     1
 Armour: Leather armour    |    50 |    33 |       ||    83
         Plate armour      |       |     4 |   164 ||   168
  Dodge: Dodged            |    63 |    48 |    77 ||   188

Table legend: (Time is in decaauts)
 A = Elapsed time spent in this place.
 B = Non-inter-level travel time spent in this place.
 C = Inter-level travel time spent in this place.
 D = Time resting spent in this place.
 E = Time spent auto-exploring this place.
 F = Levels seen in this place.
 G = Mean time per level.
                   A        B        C        D        E       F      G
               +--------+--------+--------+--------+--------+-----+--------+
         Total |   6933 |   6694 |    239 |   3088 |   2656 |   6 | 1155.5 |
       Dungeon |   6933 |   6694 |    239 |   3088 |   2656 |   6 | 1155.5 |
               +--------+--------+--------+--------+--------+-----+--------+

Top non-repeatable levels by time:
     D:5: 2070 daAuts
     D:4: 1638 daAuts
     D:3: 1434 daAuts
     D:1: 1364 daAuts
     D:2: 404 daAuts
     D:6: 22 daAuts
